 Dungeon Crawl Stone Soup version 0.27.1-33-g824d729ab1 (webtiles) character file.

Game seed: 15063661924770057995

5782 lordive the Blocker (level 10, -9/60 HPs)
             Began as a Gargoyle Fighter on Dec 26, 2021.
             Was a Follower of Okawaru.
             Killed from afar by a Hell Sentinel (31 damage)
             ... with damnation
             ... on level 1 of the Abyss.
             The game lasted 00:16:54 (11023 turns).

lordive the Blocker (Gargoyle Fighter)             Turns: 11023, Time: 00:16:55

Health: -9/60      AC: 27    Str: 25    XL:     10   Next: 78%
Magic:  10/11      EV: 14    Int: 10    God:    Okawaru [*.....]
Gold:   808        SH: 19    Dex: 11    Spells: 6/9 levels left

rFire    . . .     SeeInvis .   m - +6 club
rCold    . . .     Faith    .   c - +0 kite shield
rNeg     + + .     Spirit   .   D - +6 ring mail of the Trilobite {Dex+2}
rPois    ∞         Reflect  +   (no helmet)
rElec    +         Harm     .   l - +0 cloak
rCorr    .         Rampage  .   a - +2 pair of gloves {Str+3}
Will     .....                  r - +0 pair of boots
Stlth    +++.......             G - amulet of reflection
HPRegen  0.20/turn              e - ring of positive energy
MPRegen  0.12/turn              z - ring of flight

@: heroic, flying
A: sickness immunity, AC +7, negative energy resistance 1, electricity
resistance, torment resistance 1, petrification resistance
a: Renounce Religion, Heroism


You were on level 1 of the Abyss.
You worshipped Okawaru.
Okawaru was aware of your devotion.
You visited 2 branches of the dungeon, and saw 11 of its levels.
You visited the Abyss 1 time.

You collected 808 gold pieces.

Inventory:

Hand Weapons
 m - a +6 club (weapon)
 t - a +0 whip of electrocution
 A - a +2 morningstar
Armour
 a - a +2 pair of gloves of strength (worn)
 c - a +0 kite shield (worn)
 l - a +0 cloak (worn)
 r - a +0 pair of boots (worn)
 D - the +6 ring mail of the Trilobite (worn) {Dex+2}
   (You took it off an orc warrior on level 8 of the Dungeon)

   Dex:       It affects your dexterity (+2).
Jewellery
 e - a ring of positive energy (left hand)
 k - a +6 ring of intelligence
 w - an amulet of guardian spirit
 z - a ring of flight (right hand)
 G - an amulet of reflection (around neck)
Wands
 n - a wand of flame (24)
 p - a wand of iceblast (3)
 x - a wand of paralysis (21)
Scrolls
 d - a scroll of fear {unknown}
 f - a scroll of vulnerability {unknown}
 g - 3 scrolls of enchant weapon {unknown}
 u - 2 scrolls of teleportation {unknown}
 y - a scroll of enchant armour {unknown}
 C - 3 scrolls of torment {unknown}
 H - a scroll of identify
Potions
 b - a potion of brilliance
 h - 4 potions of flight
 i - 4 potions of heal wounds
 j - a potion of resistance
 o - a potion of attraction
 q - 3 potions of ambrosia
 s - 5 potions of curing
 v - 2 potions of might
 B - 2 potions of haste
 E - a potion of magic
 F - 2 potions of lignification {unknown}


   Skills:
 + Level 6.2(11.2) Fighting
 + Level 9.2(14.2) Maces & Flails
 + Level 7.8(12.8) Armour
 + Level 3.9(8.9) Dodging
 + Level 2.5(7.5) Stealth
 + Level 9.9(14.9) Shields
 * Level 1.9 Invocations


You had 6 spell levels left.
You knew the following spells:

 Your Spells              Type           Power      Damage    Failure   Level
a - Vampiric Draining     Necr           0%         2d6       83%         3

Your spell library contained the following spells:

 Spells                   Type           Power      Damage    Failure   Level
 Animate Skeleton         Necr           0%         N/A       45%         1
 Pain                     Necr           0%         1d4       45%         1
 Dazzling Flash           Conj/Hex       0%         N/A       83%         3
 Agony                    Necr           0%         N/A       100%        5
 Silence                  Hex/Air        0%         N/A       100%        5


Dungeon Overview and Level Annotations

Branches:
Dungeon (10/15)            Temple (1/1) D:7
   Lair: D:8-11         Orc: D:9-12

Altars:
Ashenzari
Cheibriados
Dithmenos
Elyvilon
Fedhas
Gozag
Hepliaklqana
Kikubaaqudgha
Makhleb
Nemelex Xobeh
Okawaru
Qazlal
Ru
Sif Muna
Trog
Uskayaw
Vehumet
Wu Jian
Xom
Yredelemnul
Zin
The Shining One

Shops:
D:2 =

Annotations:
D:10 Erolcha


Innate Abilities, Weirdness & Mutations

You are immune to sickness and miasma.
Your stone body is resilient. (AC +7)
You are immune to poison.
You resist negative energy. (rN+)
You are resistant to electric shocks. (rElec)
You are resistant to unholy torment.
You are immune to petrification.


Message History

The iron shot reflects off an invisible shield around you!
The iron shot hits the Hell Sentinel!!!
You hit the Hell Sentinel but do no damage.
The Hell Sentinel is heavily wounded.
You block the Hell Sentinel's attack. x2
You barely miss the Hell Sentinel.
The Hell Sentinel is heavily wounded.
A freezing wraith comes into view.
You thump the Hell Sentinel!
The Hell Sentinel is heavily wounded.
You block the Hell Sentinel's attack.
The Hell Sentinel hits you but does no damage.
You barely miss the Hell Sentinel.
The Hell Sentinel is heavily wounded.
You hit the Hell Sentinel.
The Hell Sentinel is severely wounded.
The Hell Sentinel gestures at you.
The sphere of damnation explodes!
The damnation engulfs you!
* * * LOW HITPOINT WARNING * * *
The damnation engulfs the Hell Sentinel.
The Hell Sentinel completely resists.
You feel much better. You block the Hell Sentinel's attack.
The Hell Sentinel hits you.
You barely miss the Hell Sentinel.
The Hell Sentinel is heavily wounded.
You block the Hell Sentinel's attack. x2
You hit the Hell Sentinel.
The Hell Sentinel is severely wounded.
You sock the Hell Sentinel!
The Hell Sentinel is severely wounded.
The Hell Sentinel misses you.
The Hell Sentinel hits you but does no damage.
You hit the Hell Sentinel but do no damage.
The Hell Sentinel is severely wounded.
You barely miss the Hell Sentinel.
The Hell Sentinel is severely wounded.
The Hell Sentinel gestures at you.
The sphere of damnation explodes!
The damnation engulfs you!!
Ouch! That really hurt!
You die...

....#
...#### ##
.. ..# # .
. #. ##
..##.#
###.# #. #
# #.#..#..
# . #
#.... .##
# ..#.
#...##..##
# #...#
.##..#..#
.. ....#
..#.#...#
... . # #
# #@# .. .
. # . #1##
. . #.W #
###


You could see a Hell Sentinel and a freezing wraith.

Vanquished Creatures
  A thrashing horror (Abyss:1)
  A cyclops (D:7)
  Grinder (D:4)
  Prince Ribbit (D:5)
  A wraith (D:7)
  A steam dragon (D:8)
  Menkaure (D:7)
  An acid dragon (D:9)
  A water moccasin (D:8)
  2 orc warriors
  4 sky beasts
  An ice beast (D:6)
  A black bear (D:5)
  3 necrophages
  4 centaurs
  2 ogres
  A phantom (D:7)
  3 kobold brigands (D:9)
  5 bullfrogs
  2 scorpions
  A gnoll sergeant (D:7)
  A wyvern zombie (D:7)
  A small abomination (Abyss:1)
  A killer bee (D:7)
  A water moccasin skeleton (D:3)
  9 wights
  A howler monkey (D:9)
  A centaur zombie (D:8)
  A bullfrog zombie (D:6)
  A hound (D:5)
  2 orc priests
  5 jellies
  2 bullfrog skeletons
  A gnoll shaman (D:7)
  Ijyb (D:4)
  Jessica (D:3)
  A centaur skeleton (D:7)
  2 iguanas
  Natasha (thrice) (D:4)
  4 orc wizards
  5 adders
  12 gnolls
  A shadow imp (D:6)
  2 white imps (D:6)
  An ufetubus (D:5)
  An adder skeleton (D:4)
  An adder zombie (D:5)
  A worm (D:5)
  25 orcs
  9 ball pythons
  9 bats
  7 endoplasms
  2 giant cockroaches
  3 goblins
  6 hobgoblins
  6 jackals
  2 quokkas
  21 kobolds
  4 rats
195 creatures vanquished.

Notes
Turn   | Place    | Note
-------+----------+-------------------------------------------
     0 | D:1      | lordive the Gargoyle Fighter began the quest for the Orb.
     0 | D:1      | Reached XP level 1. HP: 14/14 MP: 1/1
   173 | D:1      | Reached XP level 2. HP: 11/19 MP: 2/2
  1051 | D:1      | Found a faded altar of an unknown god.
  1060 | D:1      | Reached XP level 3. HP: 22/23 MP: 3/3
  1662 | D:2      | Found Iddirig's Jewellery Emporium.
  1890 | D:2      | Reached XP level 4. HP: 28/28 MP: 4/4
  2473 | D:3      | Reached XP level 5. HP: 32/32 MP: 5/5
  2856 | D:3      | Noticed Jessica
  2867 | D:3      | Killed Jessica
  3520 | D:4      | Reached XP level 6. HP: 34/38 MP: 6/6
  3538 | D:4      | Reached skill level 1 in Dodging
  4297 | D:4      | Noticed Ijyb
  4313 | D:4      | Killed Ijyb
  4314 | D:4      | Reached skill level 5 in Armour
  4627 | D:4      | Noticed Natasha
  4633 | D:4      | Killed Natasha
  4804 | D:4      | Noticed Grinder
  4819 | D:4      | Killed Grinder
  4820 | D:4      | Reached XP level 7. HP: 44/44 MP: 7/7
  5034 | D:4      | Noticed Natasha
  5047 | D:4      | Killed Natasha
  5207 | D:4      | Noticed Natasha
  5216 | D:4      | Killed Natasha
  5217 | D:4      | Reached skill level 5 in Maces & Flails
  5224 | D:5      | Entered Level 5 of the Dungeon
  5344 | D:5      | Reached skill level 5 in Shields
  5569 | D:5      | Reached skill level 1 in Stealth
  5615 | D:5      | Reached XP level 8. HP: 48/48 MP: 8/8
  5713 | D:5      | Noticed Prince Ribbit
  5725 | D:5      | Killed Prince Ribbit
  6828 | D:6      | Found an ancient bone altar of Kikubaaqudgha.
  6835 | D:6      | Found a glowing golden altar of the Shining One.
  6840 | D:6      | Found a shimmering altar of Xom.
  7123 | D:6      | Reached skill level 5 in Fighting
  7123 | D:6      | Reached XP level 9. HP: 24/54 MP: 9/9
  7443 | D:7      | Found a staircase to the Ecumenical Temple.
  7443 | D:7      | Noticed Menkaure
  7450 | D:7      | Killed Menkaure
  7456 | Temple   | Entered the Ecumenical Temple
  8252 | D:7      | Noticed a cyclops
  8267 | D:7      | Killed a cyclops
  8606 | D:7      | Reached XP level 10. HP: 46/59 MP: 10/10
  9166 | D:7      | Learned a level 3 spell: Vampiric Draining
  9415 | D:8      | Identified the +6 ring mail of the Trilobite {Dex+2}
  9741 | D:8      | Found an iron altar of Okawaru.
  9770 | D:8      | Became a worshipper of Warmaster Okawaru
 10422 | D:9      | Found a basalt altar of Yredelemnul.
 10487 | D:9      | Found a snail-covered altar of Cheibriados.
 10568 | D:9      | Reached skill level 1 in Invocations
 10880 | D:10     | Entered Level 10 of the Dungeon
 10912 | D:10     | Noticed Erolcha
 10913 | D:10     | Cast into level 1 of the Abyss (Erolcha)
 10935 | Abyss:1  | Noticed a rakshasa
 10935 | Abyss:1  | Noticed a thrashing horror
 10957 | Abyss:1  | Killed a thrashing horror
 10957 | Abyss:1  | Reached * piety under Okawaru
 11006 | Abyss:1  | Noticed a Hell Sentinel
 11017 | Abyss:1  | HP: 2/60 [Hell Sentinel/damnation (13)]
 11023 | Abyss:1  | Killed from afar by a Hell Sentinel

Illustrated notes

Levels and vault maps discovered:
D:1:      denvon_arrival_planthouse, layout_basic,
          dreamdust_ecumenical_altar_statues, st_stairs_2, serial_park_tiny_1
D:2:      layout_basic, serial_shops, shop
D:3:      layout_loops_ring, chequers_serial_rivers_room_b, uniq_jessica
D:4:      layout_loops_ring, minmay_unequal, uniq_grinder, uniq_ijyb,
          uniq_natasha
D:5:      layout_loops_ring, minmay_checkerbox, uniq_prince_ribbit1
D:6:      layout_basic, grunt_temple_overflow_diamond, minmay_curled_crystal
D:7:      minmay_the_grid_square_5x5_3x3
          [minmay_the_grid_square_5x5_beaten_path,
          minmay_the_grid_square_5x5_n_small,
          minmay_the_grid_square_5x5_shrine2, minmay_the_grid_square_5x5_tie,
          minmay_the_grid_square_5x5_megaprize_hollow,
          minmay_the_grid_square_5x5_moneybag, minmay_the_grid_square_5x5_plus,
          minmay_the_grid_square_5x5_minibox, minmay_the_grid_square_5x5_seven],
          layout_rooms, minmay_temple_entry_junction,
          hangedman_abyss_or_decor_stagger, uniq_menkaure
D:8:      layout_loops_ring, mainiacjoe_overflow_alcove_2, corexii_corridor_pit
D:9:      layout_basic, mainiacjoe_overflow_catwalk,
          mainiacjoe_overflow_alcove_1, st_stairs_2
D:10:     layout_roguey, grunt_decor_clamped, minmay_fire_ice_demons,
          uniq_erolcha, uniq_joseph
Temple:   regret_index_temple_sphere_string
Abyss:1:  base:
D:6

Skill      XL: |  1  2  3  4  5  6  7  8  9 10 |
---------------+-------------------------------+-----
Shields        | 4 5 7 8 9 |  9.9
Maces & Flails | 3 4 5 6 8 9 |  9.2
Armour         | 4 5 6 7 |  7.8
Fighting       | 4 5 6 |  6.2
Dodging        | 1 2 3 |  3.9
Stealth        | 1 2 |  2.5
Invocations    | 1 |  1.9

Action                   |  1- 3 |  4- 6 |  7- 9 | 10-12 || total
-------------------------+-------+-------+-------+-------++-------
Melee: Flail             |   132 |    75 |       |       ||   207
       Club              |       |   113 |   395 |   319 ||   827
Invok: Heroism           |       |       |       |     1 ||     1
  Use: Scroll            |       |       |     3 |     5 ||     8
       Potion            |       |       |     2 |     1 ||     3
Armor: Scale mail        |    89 |   118 |   148 |       ||   355
       Chain mail        |       |       |    90 |    70 ||   160
       Ring mail         |       |       |       |    64 ||    64
Dodge: Dodged            |    38 |    55 |   111 |   117 ||   321
Block: Kite shield       |    66 |   100 |   238 |   219 ||   623
       Reflection        |       |       |       |     2 ||     2
